 Dungeon Crawl Stone Soup version 0.28.0-53-g5a82cb258f (webtiles) character file.

Game seed: 8962024834385206877

55 hawla the Sneak (level 3, -8/14 HPs)
             Began as a Felid Fire Elementalist on May 23, 2022.
             Mangled by Sigmund
             ... wielding a +0 scythe
              (15 damage)
             ... on level 2 of the Dungeon.
             The game lasted 00:04:55 (3437 turns).

hawla the Sneak (Felid Fire Elementalist)           Turns: 3437, Time: 00:04:56

Health: -8/14      AC:  1    Str:  4    XL:     3   Next: 67%
Magic:  0/7        EV: 17    Int: 18    God:
Gold:   116        SH:  0    Dex: 16    Spells: 4/7 levels left
                                        Lives:  0   Deaths: 0

rFire   . . .      SeeInvis +   (weapon unavailable)
rCold   . . .      Faith    .   (shield unavailable)
rNeg    . . .      Spirit   .   (armour unavailable)
rPois   .          Reflect  .   (helmet unavailable)
rElec   .          Harm     .   (cloak unavailable)
rCorr   .          Rampage  .   (gloves unavailable)
Will    .....                   (boots unavailable)
Stlth   +++.......              (no amulet)
HPRegen 0.04/turn               (no ring)
MPRegen 0.10/turn               (no ring)

@: quick
A: very small, claws 1, fangs 3, see invisible, speed 1, shaggy fur 1, stealthy
paws, no weapons or thrown items, no armour, multi-lived
a: no special abilities


You were on level 2 of the Dungeon.
You visited 1 branch of the dungeon, and saw 2 of its levels.

You collected 116 gold pieces.

Inventory:

Scrolls
 b - a scroll of fog {unknown}
 e - a scroll of torment {unknown}
 h - a scroll of identify {unknown}
 j - a scroll of silence {unknown}
Potions
 a - a potion of haste {unknown}
 c - 2 potions of mutation {unknown}
 d - 2 potions of curing {unknown}
 f - a potion of degeneration {unknown}
 g - a potion of resistance {unknown}
 i - a potion of magic {unknown}
 k - a potion of heal wounds {unknown}


   Skills:
 + Level 0.1 Fighting
 + Level 3.1 Dodging
 + Level 3.5 Stealth
 + Level 0.5 Unarmed Combat
 + Level 2.5 Spellcasting
 + Level 1.2 Conjurations
 + Level 3.1 Fire Magic


You had 4 spell levels left.
You knew the following spells:

 Your Spells              Type           Power      Damage    Failure   Level
a - Foxfire               Conj/Fire      40%        2x1d6     7%          1
b - Scorch                Fire           26%        2d6       7%          2

Your spell library contained the following spells:

 Spells                   Type           Power      Damage    Failure   Level
 Conjure Flame            Conj/Fire      10%        6-21      21%         3
 Inner Flame              Hex/Fire       8%         N/A       26%         3
 Flame Wave               Conj/Fire      10%        2d5       56%         4


Dungeon Overview and Level Annotations

Branches:
Dungeon (2/15)

Altars:

Annotations:
D:2 Sigmund, Terence


Innate Abilities, Weirdness & Mutations

You have sharp claws.
You have razor-sharp teeth.
You have supernaturally acute eyesight. (SInv)
You cover ground quickly. (Speed+)
You are covered in fur. (AC +1)
Your paws help you pounce on unaware monsters.
You are incapable of wielding weapons or throwing items.
You cannot wear armour.
You gain extra lives every three experience levels.


Message History

Your foxfire dissipates!
Casting: Foxfire (safe; 7% risk of failure)
Confirm with . or Enter, or press ? or * to list all spells.
You conjure some foxfire!
Casting: Foxfire (safe; 7% risk of failure)
Confirm with . or Enter, or press ? or * to list all spells.
Flames lash Sigmund.
Sigmund is moderately wounded.
Sigmund's fire resistance burns away.
The foxfire hits Sigmund.
Sigmund is burned terribly!
Sigmund is heavily wounded.
The foxfire hits Sigmund.
Sigmund is heavily wounded.
Sigmund gestures wildly while chanting.
Sigmund flickers and vanishes for a moment.
Casting: Scorch (safe; 7% risk of failure)
Confirm with . or Enter, or press ? or * to list all spells.
Flames lash Sigmund.
Sigmund is burned terribly!
Sigmund is severely wounded.
Your foxfire dissipates!
Sigmund zaps a wand.
The puff of flame hits you!
Ouch! That really hurt!
The now-empty wand crumbles to dust.
Casting: Scorch (safe; 7% risk of failure)
Confirm with . or Enter, or press ? or * to list all spells.
You don't know that spell.
You see here a +0 short sword.
Casting: Scorch (safe; 7% risk of failure)
Confirm with . or Enter, or press ? or * to list all spells.
You conjure some foxfire!
The foxfire hits Sigmund.
Sigmund is severely wounded.
The foxfire hits Sigmund.
Sigmund is burned terribly!
Sigmund is almost dead.
Sigmund closely misses you.
You scratch Sigmund.
Sigmund is almost dead.
Sigmund hits you with a +0 scythe!
Ouch! That really hurt!
You die...

..###+#.#
#........#########
........# ######'###
÷.......# #@#
#)####### #.#
#.....≈≈# #.#
#....≈≈≈# ##########.#
#.....≈≈# #........@.#
#.....≈.)>#.....@#####
#.....≈≈###.....@#
#....≈≈≈##.....§)#
#.....≈≈##......§#
#.########.......#
..###...###......#
..'.......########
..####..#.#
.......>#.#
#########.#


You could see Sigmund (invisible, combustible).

Vanquished Creatures
  3 dart slugs
  2 bats
  7 endoplasms
  2 giant cockroaches (D:2)
  6 hobgoblins
  3 ball pythons (D:1)
  4 frilled lizards
  9 goblins
  3 kobolds (D:2)
  5 rats
  4 butterflies (D:1)
48 creatures vanquished.

Vanquished Creatures (collateral kills)
  2 foxfires (D:1)
2 creatures vanquished.

Vanquished Creatures (others)
  116 foxfires
116 creatures vanquished.

Grand Total: 166 creatures vanquished

Notes
Turn   | Place    | Note
-------+----------+-------------------------------------------
     0 | D:1      | hawla the Felid Fire Elementalist began the quest for the
                  | Orb.
     0 | D:1      | Reached XP level 1. HP: 7/7 MP: 4/4
   265 | D:1      | Reached XP level 2. HP: 11/11 MP: 6/6
   268 | D:1      | Learned a level 2 spell: Scorch
   408 | D:1      | Reached skill level 1 in Conjurations
  1319 | D:2      | Reached XP level 3. HP: 14/14 MP: 2/7
  2160 | D:2      | Noticed Terence
  3130 | D:2      | Noticed Sigmund
  3437 | D:2      | Mangled by Sigmund

Illustrated notes

Levels and vault maps discovered:
D:1:      lemuel_arrival_cross, layout_rooms, hangedman_glass_garden,
          hangedman_decor_slide_cut, hangedman_decor_points, serial_park_tiny_1,
          minmay_split_cup_small
D:2:      layout_basic, minmay_goblin_outpost, uniq_terence, uniq_sigmund

Skill      XL: |  1  2 |
---------------+-------+-----
Stealth        | 3 |  3.5
Dodging        | 3 |  3.1
Fire Magic     | 3 |  3.1
Conjurations   | 1 |  1.2
Fighting       | |  0.1
Unarmed Combat | |  0.5
Spellcasting   | |  2.5

Action                   || total
-------------------------++-------
Melee: Unarmed           ||    41
       Bite              ||     3
       Punch             ||     1
 Cast: Foxfire           ||    68
       Scorch            ||     8
 Stab: Sleeping          ||     7
Dodge: Dodged            ||    37
